[Event "5th EKA IIFL Investment 2019"]
[Site "Mumbai"]
[Date "2020.01.05"]
[Round "7.25"]
[White "Nitish Belurkar"]
[Black "Zysk, Robert"]
[Result "1/2-1/2"]
[ECO "C03"]
[WhiteElo "2294"]
[BlackElo "2409"]
[Annotator "NA"]
[PlyCount "82"]
[EventDate "2019.12.30"]
[EventType "swiss"]
[EventCountry "IND"]
[SourceTitle "playchess.com"]
[Source "ChessBase"]
[SourceQuality "1"]
[TimeControl "40/5400+30:1800+30"]

1. e4 e6 2. d4 d5 3. Nd2 Be7 4. c3 dxe4 5. Nxe4 Nd7 6. Nf3 Ngf6 7. Bd3 c5 8. O-O cxd4 9. Nxd4 O-O 10. Qe2 Nxe4 11. Bxe4 Nf6 12. Bf3 a6 13. Bf4 Bd6 14. Bg5 Qc7 15. Bxf6 gxf6 16. g3 f5 17. Rad1 Be5 18. Bg2 Bg7 19. Qd2 Rb8 20. a4 Rd8 21. Qg5 Bd7 22. Ra1 b6 23. Rfd1 Be8 24. Rd3 h6 25. Qe3 Qe5 26. Qd2 Qf6 27. f4 b5 28. axb5 Bxb5 29. Nxb5 Rxd3 30. Qxd3 axb5 31. Qd6 Qd8 32. Qxb8 Qxb8 33. Ra8 Qxa8 34. Bxa8 Kf8 35. Kf2 Ke7 36. Bc6 b4 37. cxb4 Bxb2 38. Kf3 Ba3 39. b5 Bc5 40. h3 h5 41. Bb7 Bb6 1/2-1/2

[Event "5th EKA IIFL Investment 2019"]
[Site "Mumbai"]
[Date "2020.01.05"]
[Round "7.32"]
[White "Lugovskoy, Maxim"]
[Black "Lokesh, N.."]
[Result "1-0"]
[ECO "A45"]
[WhiteElo "2453"]
[BlackElo "2264"]
[Annotator "ChessBase"]
[PlyCount "41"]
[EventDate "2019.12.30"]
[EventType "swiss"]
[EventCountry "IND"]
[SourceTitle "playchess.com"]
[Source "ChessBase"]
[SourceQuality "1"]
[TimeControl "40/5400+30:1800+30"]

1. d4 Nf6 2. Nc3 d5 3. Bf4 e6 4. Nb5 Na6 5. e3 Be7 6. h3 O-O 7. Nf3 c6 8. Nc3 b6 9. Ne5 Nb8 10. Bd3 a5 11. O-O Ba6 12. e4 dxe4 13. Nxe4 Nxe4 14. Bxe4 Bxf1 15. Kxf1 Bd6 16. Qf3 Qc7 17. Qg3 f6 18. Ng6 Bxf4 19. Nxf4 Qd6 20. Re1 Re8 21. Bxh7+ 1-0

[Event "5th EKA IIFL Investment 2019"]
[Site "Mumbai"]
[Date "2020.01.05"]
[Round "7.35"]
[White "Raahul V S"]
[Black "Bharat Kumar Reddy Poluri"]
[Result "1/2-1/2"]
[ECO "A14"]
[WhiteElo "2233"]
[BlackElo "2306"]
[Annotator "NA"]
[PlyCount "80"]
[EventDate "2019.12.30"]
[EventType "swiss"]
[EventCountry "IND"]
[SourceTitle "playchess.com"]
[Source "ChessBase"]
[SourceQuality "1"]
[TimeControl "40/5400+30:1800+30"]

1. c4 e6 2. g3 d5 3. Bg2 Nf6 4. Nf3 Be7 5. O-O O-O 6. d4 dxc4 7. Qc2 a6 8. a4 Bd7 9. Qxc4 Bc6 10. Bg5 Nbd7 11. Nc3 h6 12. Bxf6 Nxf6 13. b4 Bd5 14. Nxd5 exd5 15. Qc3 Qd6 16. Ne5 Qxb4 17. Qxb4 Bxb4 18. Rab1 a5 19. Nd3 Ra7 20. Nxb4 axb4 21. Rxb4 b6 22. Rc1 Rfa8 23. e3 Rxa4 24. Rxa4 Rxa4 25. Rxc7 Ra2 26. Rc8+ Kh7 27. Bf3 Rb2 28. Rd8 Ne4 29. Bxe4+ dxe4 30. Re8 f5 31. g4 fxg4 32. Rxe4 h5 33. Kg2 b5 34. d5 Rd2 35. Re5 Kg6 36. d6 b4 37. Rb5 Rxd6 38. Rxb4 Rd5 39. Kg3 Kg5 40. Kg2 Ra5 1/2-1/2

[Event "5th EKA IIFL Investment 2019"]
[Site "Mumbai"]
[Date "2020.01.05"]
[Round "7.37"]
[White "Utsab Chatterjee"]
[Black "Sahoo, Utkal Ranjan"]
[Result "1-0"]
[ECO "C05"]
[WhiteElo "2142"]
[BlackElo "2348"]
[Annotator "NA RC"]
[PlyCount "105"]
[EventDate "2019.12.30"]
[EventType "swiss"]
[EventCountry "IND"]
[SourceTitle "playchess.com"]
[Source "ChessBase"]
[SourceQuality "1"]
[TimeControl "40/5400+30:1800+30"]

1. e4 e6 2. d4 d5 3. Nd2 Nf6 4. e5 Nfd7 5. c3 c5 6. f4 Nc6 7. Ndf3 Qb6 8. g3 cxd4 9. cxd4 Be7 10. Bh3 O-O 11. Ne2 f6 12. Rf1 Kh8 13. b3 a5 14. a3 Bd8 15. Bb2 Ne7 16. Rf2 a4 17. b4 Qa6 18. Nc3 Nb6 19. Bf1 Nc4 20. Bxc4 dxc4 21. exf6 gxf6 22. Qe2 Nd5 23. Nd2 Bd7 24. Nde4 Qc6 25. Nc5 Be7 26. O-O-O b6 27. Nxd7 Qxd7 28. f5 Nxc3 29. Bxc3 exf5 30. Rdf1 Rae8 31. Qc2 Bd8 32. Rxf5 Re3 33. d5 Rfe8 34. Qb2 Kg8 35. g4 h6 36. Bxf6 Re1+ 37. Rxe1 Rxe1+ 38. Kd2 Qe8 39. Be5 Re4 40. Qc3 Bg5+ 41. Kc2 Rxg4 42. Qf3 Rg1 43. d6 Rc1+ 44. Kb2 Re1 45. Qd5+ Kh7 46. Rf7+ Kg6 47. Rg7+ Kf5 48. Bc3+ Kg4 49. Qg2+ Kf5 50. Qf2+ Bf4 51. Qxe1 Qxe1 52. Bxe1 Be5+ 53. Bc3 1-0

[Event "5th EKA IIFL Investment 2019"]
[Site "Mumbai"]
[Date "2020.01.05"]
[Round "7.38"]
[White "Pranav, Shetty"]
[Black "Rathnakaran, K.."]
[Result "0-1"]
[ECO "C11"]
[WhiteElo "2185"]
[BlackElo "2329"]
[Annotator "NA"]
[PlyCount "78"]
[EventDate "2019.12.30"]
[EventType "swiss"]
[EventCountry "IND"]
[SourceTitle "playchess.com"]
[Source "ChessBase"]
[SourceQuality "1"]
[TimeControl "40/5400+30:1800+30"]

1. e4 e6 2. d4 d5 3. Nc3 Nf6 4. e5 Nfd7 5. Nce2 c5 6. c3 Nc6 7. Nf3 b6 8. Nf4 Bb7 9. h4 h6 10. Bd3 Qe7 11. a3 c4 12. Bc2 O-O-O 13. Be3 Na5 14. a4 Kb8 15. h5 Rc8 16. O-O Qe8 17. Nd2 Be7 18. Qg4 Ka8 19. Rfe1 Qg8 20. f3 Nf8 21. Bf2 Rc7 22. Bh4 Bxh4 23. Qxh4 g5 24. hxg6 Nxg6 25. Qf6 Nxf4 26. Qxf4 Bc8 27. Kf2 f5 28. exf6 Rf7 29. b3 cxb3 30. Nxb3 Nxb3 31. Bxb3 Qg6 32. a5 Rg8 33. Qh2 Qd3 34. Qxh6 Rh7 35. f7 Rxg2+ 36. Kxg2 Rxh6 37. Bxd5+ exd5 38. Re8 Qg6+ 39. Kf2 Rh2+ 0-1

[Event "5th EKA IIFL Investment 2019"]
[Site "Mumbai"]
[Date "2020.01.05"]
[Round "7.39"]
[White "Pranav Anand"]
[Black "Barath Kalyan M"]
[Result "1-0"]
[ECO "E16"]
[WhiteElo "2309"]
[BlackElo "2091"]
[Annotator "ChessBase"]
[PlyCount "159"]
[EventDate "2019.12.30"]
[EventType "swiss"]
[EventCountry "IND"]
[SourceTitle "playchess.com"]
[Source "ChessBase"]
[SourceQuality "1"]
[TimeControl "40/5400+30:1800+30"]

1. d4 Nf6 2. c4 e6 3. Nf3 Bb4+ 4. Bd2 Qe7 5. g3 Nc6 6. Nc3 Bxc3 7. Bxc3 Ne4 8. Rc1 Nxc3 9. Rxc3 d6 10. d5 Nd8 11. Bg2 e5 12. O-O a5 13. c5 Bf5 14. cxd6 cxd6 15. Qb3 O-O 16. Rfc1 Qe8 17. Nh4 Bg4 18. e4 b5 19. Rc7 Rb8 20. Qe3 Nb7 21. Qg5 Bd7 22. Nf5 Bxf5 23. Qxf5 Nc5 24. Rc6 Qe7 25. Bh3 g6 26. Qf3 Rfd8 27. Qe3 Rb7 28. R1xc5 dxc5 29. Rxc5 a4 30. Qc1 b4 31. Kg2 a3 32. b3 Kg7 33. Bc8 Ra7 34. Qc4 h5 35. h4 Kh7 36. Rc6 Rd6 37. Qxb4 Rd8 38. d6 Qf6 39. Qc5 Rad7 40. Bxd7 Rxd7 41. Rc7 Rd8 42. Qxa3 Kg7 43. d7 Qe6 44. Qc5 Rxd7 45. Rxd7 Qxd7 46. Qxe5+ Kh7 47. Qd5 Qa7 48. a4 f6 49. a5 Qa6 50. Qf7+ Kh6 51. b4 g5 52. hxg5+ fxg5 53. Qc7 Qe2 54. Qb6+ Kh7 55. Qe3 Qc4 56. Qxg5 Qxe4+ 57. Kh2 Qe2 58. Qf4 Kg6 59. Kg2 Kh7 60. Qf3 Qb5 61. Qe4+ Kg7 62. Qe7+ Kh8 63. Qd8+ Kh7 64. Qc7+ Kh8 65. Qc8+ Kg7 66. a6 Qd5+ 67. Kh2 Qa2 68. Qb7+ Kh6 69. Kg2 h4 70. a7 hxg3 71. Kxg3 Qg8+ 72. Kh2 Qg4 73. Qc6+ Kh7 74. Qc7+ Kh6 75. Qd6+ Kh7 76. Qd3+ Kg7 77. Qg3 Qxg3+ 78. Kxg3 Kh7 79. a8=Q Kg7 80. Qe8 1-0

[Event "5th EKA IIFL Investment 2019"]
[Site "Mumbai"]
[Date "2020.01.05"]
[Round "7.40"]
[White "Parnali, S Dharia"]
[Black "Rohith Krishna S"]
[Result "1/2-1/2"]
[ECO "A40"]
[WhiteElo "2183"]
[BlackElo "2289"]
[Annotator "NA"]
[PlyCount "80"]
[EventDate "2019.12.30"]
[EventType "swiss"]
[EventCountry "IND"]
[SourceTitle "playchess.com"]
[Source "ChessBase"]
[SourceQuality "1"]
[TimeControl "40/5400+30:1800+30"]

1. d4 Nf6 2. c4 e6 3. g3 d5 4. Nf3 c6 5. Qc2 Be7 6. Bg2 O-O 7. O-O b6 8. Nbd2 Bb7 9. e4 dxe4 10. Nxe4 Nbd7 11. Rd1 Qc8 12. Bf4 Nxe4 13. Qxe4 Nf6 14. Qe2 Re8 15. Bh3 Bf8 16. Rac1 Qd8 17. Ne5 Qe7 18. Bg2 Rac8 19. Qf3 Red8 20. a3 Nd7 21. b4 Nxe5 22. dxe5 Rxd1+ 23. Rxd1 Ba8 24. Qc3 c5 25. b5 Bxg2 26. Kxg2 Rd8 27. Rxd8 Qxd8 28. Qd2 Qxd2 29. Bxd2 f5 30. a4 Be7 31. h4 h5 32. Kf3 Kf7 33. Ke2 Bd8 34. Kd3 Be7 35. f4 g6 36. Kc2 Ke8 37. Kb3 Kd7 38. a5 Kc7 39. a6 Kd7 40. Kc2 Ke8 1/2-1/2

[Event "5th EKA IIFL Investment 2019"]
[Site "Mumbai"]
[Date "2020.01.05"]
[Round "7.41"]
[White "Senthil Maran K"]
[Black "Kavinda, Akila"]
[Result "1/2-1/2"]
[ECO "D74"]
[WhiteElo "2328"]
[BlackElo "2022"]
[Annotator "RC"]
[PlyCount "113"]
[EventDate "2019.12.30"]
[EventType "swiss"]
[EventCountry "IND"]
[SourceTitle "playchess.com"]
[Source "ChessBase"]
[SourceQuality "1"]
[TimeControl "40/5400+30:1800+30"]

1. d4 Nf6 2. c4 g6 3. g3 Bg7 4. Bg2 d5 5. cxd5 Nxd5 6. Nf3 O-O 7. O-O Nc6 8. e4 Nb6 9. d5 Na5 10. Nc3 c6 11. Bf4 cxd5 12. Nxd5 Nxd5 13. exd5 Nc4 14. Qc2 Nd6 15. Rad1 Bf5 16. Qe2 Re8 17. Rfe1 Qb6 18. Be5 Qb5 19. Bxg7 Qxe2 20. Rxe2 Kxg7 21. Rde1 Kf8 22. Ne5 f6 23. Nf3 Bg4 24. h3 Bxf3 25. Bxf3 Rac8 26. Bg4 Rc7 27. Be6 Rd8 28. h4 Nf5 29. Rd2 Ng7 30. Bh3 Rd6 31. Bg2 Nf5 32. Ree2 Ke8 33. Rc2 Kd8 34. Rxc7 Kxc7 35. g4 Nxh4 36. Rxe7+ Rd7 37. d6+ Kxd6 38. Rxd7+ Kxd7 39. Bxb7 f5 40. g5 Kc7 41. Ba8 f4 42. Be4 Kd6 43. f3 Ke5 44. b4 Nf5 45. Bxf5 Kxf5 46. b5 Ke5 47. Kg2 Kd4 48. Kh3 Kc5 49. Kg4 Kxb5 50. Kxf4 Kc4 51. Ke5 Kd3 52. a4 Ke3 53. f4 a5 54. f5 gxf5 55. Kxf5 Kf3 56. g6 hxg6+ 57. Kxg6 1/2-1/2

[Event "5th EKA IIFL Investment 2019"]
[Site "Mumbai"]
[Date "2020.01.05"]
[Round "7.42"]
[White "Sri Sai Baswanth P"]
[Black "Thakur, Akash"]
[Result "1/2-1/2"]
[ECO "A15"]
[WhiteElo "2008"]
[BlackElo "2300"]
[Annotator "NA"]
[PlyCount "55"]
[EventDate "2019.12.30"]
[EventType "swiss"]
[EventCountry "IND"]
[SourceTitle "playchess.com"]
[Source "ChessBase"]
[SourceQuality "1"]
[TimeControl "40/5400+30:1800+30"]

1. c4 Nf6 2. g3 c6 3. Bg2 d5 4. Nf3 dxc4 5. O-O Nbd7 6. Na3 Nb6 7. Qc2 Qd5 8. b3 Bf5 9. Qb2 cxb3 10. d3 Na4 11. Qd2 Qd8 12. axb3 Nc5 13. Qc3 e6 14. Nc4 Be7 15. Na5 O-O 16. e4 Bg6 17. Ba3 Qb6 18. Nxb7 Ncxe4 19. dxe4 Nxe4 20. Qa5 Qxb7 21. Ne5 c5 22. Qe1 f5 23. f3 Nf6 24. Nxg6 hxg6 25. Qxe6+ Kh7 26. f4 Ne4 27. Bxe4 Qxe4 28. Qxe4 1/2-1/2

[Event "5th EKA IIFL Investment 2019"]
[Site "Mumbai"]
[Date "2020.01.05"]
[Round "7.43"]
[White "Nikhil Magizhnan"]
[Black "Saurabh Anand"]
[Result "1-0"]
[ECO "C02"]
[WhiteElo "2077"]
[BlackElo "2269"]
[Annotator "NA"]
[PlyCount "125"]
[EventDate "2019.12.30"]
[EventType "swiss"]
[EventCountry "IND"]
[SourceTitle "playchess.com"]
[Source "ChessBase"]
[SourceQuality "1"]
[TimeControl "40/5400+30:1800+30"]

1. e4 e6 2. d4 d5 3. e5 c5 4. c3 Nc6 5. Nf3 Qb6 6. Bd3 cxd4 7. cxd4 Bd7 8. O-O Nxd4 9. Nxd4 Qxd4 10. Nc3 a6 11. Qf3 Ne7 12. Rd1 Qb6 13. Be3 Qd8 14. Qg3 Ng6 15. f4 Be7 16. f5 Bh4 17. Qh3 Nxe5 18. fxe6 fxe6 19. Bc2 O-O 20. Bc5 Rf7 21. Rf1 Rc8 22. Bd4 Rxf1+ 23. Rxf1 Ng6 24. Bxg6 hxg6 25. Qd3 Be8 26. Qe3 Rc6 27. Ne2 Bf6 28. Bxf6 gxf6 29. Nd4 Rd6 30. Nxe6 Qb6 31. Nd4 Bf7 32. Qf2 Qc5 33. Kh1 Qc4 34. b3 Qd3 35. Re1 Qc3 36. h3 Rb6 37. Rd1 Qc5 38. Qf4 a5 39. Rc1 Qd6 40. Rc8+ Kg7 41. Qh4 Bg8 42. Qg4 Qe5 43. Qd7+ Bf7 44. Qd8 Qe1+ 45. Kh2 Qe5+ 46. g3 Qe8 47. Qxe8 Bxe8 48. Rxe8 Rb4 49. Nc2 Rb5 50. Rc8 a4 51. Rc3 axb3 52. axb3 f5 53. Kg2 Kf6 54. Kf3 Ke5 55. Re3+ Kf6 56. Ke2 Rb6 57. Nd4 Rb4 58. Kd3 Rb6 59. Re8 Ra6 60. Rb8 Rb6 61. Kc3 Ke5 62. h4 Kf6 63. b4 1-0

[Event "5th EKA IIFL Investment 2019"]
[Site "Mumbai"]
[Date "2020.01.05"]
[Round "7.44"]
[White "Laddha, Shubh Jayesh"]
[Black "Luong, Phuong Hanh"]
[Result "0-1"]
[ECO "B40"]
[WhiteElo "1975"]
[BlackElo "2256"]
[Annotator "NA"]
[PlyCount "108"]
[EventDate "2019.12.30"]
[EventType "swiss"]
[EventCountry "IND"]
[SourceTitle "playchess.com"]
[Source "ChessBase"]
[SourceQuality "1"]
[TimeControl "40/5400+30:1800+30"]

1. e4 c5 2. Nf3 e6 3. g3 d5 4. exd5 exd5 5. d4 Nf6 6. Bg2 Be7 7. O-O O-O 8. dxc5 Na6 9. a3 Nxc5 10. b4 Nce4 11. Bb2 a5 12. c3 Bg4 13. Nbd2 Qb6 14. Nb3 Rfc8 15. Rc1 a4 16. Nbd4 Nd7 17. Qd3 Bf6 18. Rc2 Qc7 19. Nb5 Qc6 20. Nfd4 Qb6 21. f3 Ne5 22. Qe2 Bd7 23. fxe4 Nc4 24. e5 Bxe5 25. Bxd5 Bxb5 26. Bxf7+ Kh8 27. Bxc4 Bxc4 28. Qxe5 Bxf1 29. Kxf1 Re8 30. Qb5 Rf8+ 31. Kg2 Qf6 32. Bc1 Rae8 33. Bf4 Qg6 34. Re2 Rxe2+ 35. Qxe2 Rxf4 36. Nf3 Re4 37. Qd3 Qe8 38. Kf2 h6 39. Nd2 Re7 40. Nf3 Rf7 41. Kg2 Qc6 42. b5 Qf6 43. Qe4 b6 44. Qe2 Qe7 45. Ne5 Kg8 46. Qe4 Qe6 47. Qd4 Rf5 48. Nd3 Qd5+ 49. Kg1 Qxd4+ 50. cxd4 Rxb5 51. Ne5 Rb3 52. Nc4 b5 53. Nd6 b4 54. axb4 a3 0-1

[Event "5th EKA IIFL Investment 2019"]
[Site "Mumbai"]
[Date "2020.01.05"]
[Round "7.46"]
[White "Masango, Spencer"]
[Black "Samant Aditya S"]
[Result "1/2-1/2"]
[ECO "E19"]
[WhiteElo "2173"]
[BlackElo "2296"]
[Annotator "ChessBase"]
[PlyCount "120"]
[EventDate "2019.12.30"]
[EventType "swiss"]
[EventCountry "IND"]
[SourceTitle "playchess.com"]
[Source "ChessBase"]
[SourceQuality "1"]
[TimeControl "40/5400+30:1800+30"]

1. Nf3 Nf6 2. c4 e6 3. g3 a6 4. Bg2 b5 5. d3 Bb7 6. O-O c5 7. b3 Be7 8. Bb2 O-O 9. Nc3 Qb6 10. Qc2 Nc6 11. Rac1 d6 12. e4 Nd7 13. Ne2 Rac8 14. Qd2 Bf6 15. Bxf6 Nxf6 16. Ne1 d5 17. cxd5 exd5 18. exd5 Ne7 19. d4 c4 20. bxc4 bxc4 21. Nc3 Bxd5 22. Nxd5 Nexd5 23. Nc2 c3 24. Qd3 Rfd8 25. Rb1 Qa5 26. Rb7 Rb8 27. Rfb1 Rxb7 28. Rxb7 Qxa2 29. Qf5 h6 30. Be4 a5 31. Bd3 Re8 32. Rb5 a4 33. Kg2 a3 34. Ra5 Qb3 35. Rxa3 Qb7 36. Qf3 g5 37. h3 Qc7 38. Ra6 Re6 39. Rxe6 fxe6 40. Kg1 Kg7 41. Qe2 Kf7 42. Qe1 Qb8 43. Qa1 h5 44. Qc1 Qg8 45. Qa3 Qb8 46. Qc1 Qg8 47. Qa3 h4 48. Qa7+ Kf8 49. Qb8+ Kg7 50. Qxg8+ Nxg8 51. Kg2 Nge7 52. Bc4 Kf6 53. Kf3 Nf5 54. Bd3 Nfe7 55. Be4 hxg3 56. fxg3 Nc7 57. Ke3 Nf5+ 58. Bxf5 exf5 59. Kd3 Nd5 60. Ne1 g4 1/2-1/2

[Event "5th EKA IIFL Investment 2019"]
[Site "Mumbai"]
[Date "2020.01.05"]
[Round "7.47"]
[White "Gandhi, Anish"]
[Black "Mohite, Ranveer"]
[Result "1/2-1/2"]
[ECO "A40"]
[WhiteElo "2168"]
[BlackElo "2281"]
[Annotator "ChessBase"]
[PlyCount "184"]
[EventDate "2019.12.30"]
[EventType "swiss"]
[EventCountry "IND"]
[SourceTitle "playchess.com"]
[Source "ChessBase"]
[SourceQuality "1"]
[TimeControl "40/5400+30:1800+30"]

1. d4 Nf6 2. c4 e6 3. g3 d5 4. Nf3 Bb4+ 5. Bd2 Be7 6. Bg2 O-O 7. O-O c6 8. Qc2 Nbd7 9. Bf4 Ne4 10. Nc3 g5 11. Bc1 f5 12. Nxe4 fxe4 13. Ne1 Bf6 14. Be3 Bg7 15. f3 c5 16. Qd2 cxd4 17. Bxd4 e5 18. Bf2 dxc4 19. Qd5+ Kh8 20. Qxc4 Nf6 21. fxe4 b6 22. h3 Bb7 23. Nd3 Qe7 24. Rac1 g4 25. h4 Bh6 26. Rc3 Rad8 27. Qc7 Qxc7 28. Rxc7 Rd7 29. Rxd7 Nxd7 30. Nb4 Rc8 31. Be1 Rc1 32. Nd5 Kg7 33. Bc3 Rxf1+ 34. Kxf1 Kf7 35. e3 Ke6 36. b4 Kd6 37. Kf2 b5 38. Bf1 a6 39. Be2 Bxd5 40. exd5 Nf6 41. Bd3 Kxd5 42. Ke2 Bg7 43. Bf5 h5 44. Bc2 Ne4 45. Bb3+ Kc6 46. Be1 Nd6 47. Be6 Bf6 48. Bg8 e4 49. Be6 Be5 50. Kd1 Kc7 51. Ke2 Kd8 52. Bd5 Ke7 53. Ba8 Ke6 54. Bc6 Bb2 55. Ba8 Kf5 56. Bc6 Ke5 57. Ba8 Ne8 58. Bc6 Nd6 59. Ba8 Ba1 60. Bc6 Ke6 61. Ba8 Be5 62. Bc6 Ke7 63. Ba8 Kd8 64. Bc6 Kc7 65. Bd5 Nf5 66. Bxe4 Nxg3+ 67. Bxg3 Bxg3 68. Bg6 Bxh4 69. Bxh5 g3 70. Kf1 Be7 71. Kg2 Bd6 72. Bf3 Be5 73. Bd5 Kb6 74. e4 Bd6 75. Kf3 Ka7 76. Kg2 Kb8 77. Kf3 Be5 78. Kg2 Kc7 79. Kf3 Bd6 80. Kg2 Kb6 81. Kf3 Bxb4 82. Kxg3 Bd6+ 83. Kf3 Kc5 84. Ke2 Kb4 85. Kd2 a5 86. Kc2 Kc5 87. Bf7 b4 88. Be6 Kd4 89. Bd5 a4 90. Bf7 b3+ 91. Bxb3 axb3+ 92. Kxb3 Kxe4 1/2-1/2

[Event "5th EKA IIFL Investment 2019"]
[Site "Mumbai"]
[Date "2020.01.05"]
[Round "7.48"]
[White "Mithil, Ajgaonkar"]
[Black "Thanki, Hemal Karsanji"]
[Result "1-0"]
[ECO "E62"]
[WhiteElo "2278"]
[BlackElo "2164"]
[Annotator "NA"]
[PlyCount "99"]
[EventDate "2019.12.30"]
[EventType "swiss"]
[EventCountry "IND"]
[SourceTitle "playchess.com"]
[Source "ChessBase"]
[SourceQuality "1"]
[TimeControl "40/5400+30:1800+30"]

1. d4 Nf6 2. Nf3 g6 3. g3 Bg7 4. c4 O-O 5. Bg2 d6 6. O-O c6 7. Nc3 Bf5 8. b3 Ne4 9. Bb2 Nxc3 10. Bxc3 Be4 11. Qd2 d5 12. Rfe1 Nd7 13. Nh4 Bxg2 14. Nxg2 Nf6 15. Qc2 Qb6 16. Rad1 Rfd8 17. Ba1 a5 18. a4 e6 19. Nf4 Qa7 20. Kg2 Rac8 21. Nd3 h5 22. Qb1 Nd7 23. Nf4 Qa6 24. Rc1 Qb6 25. Red1 Nf6 26. Nd3 Nd7 27. e3 Qa7 28. Rc2 Qa8 29. f3 Bh6 30. e4 Nf6 31. Re2 Bg7 32. Nf2 Qa6 33. Qc2 b6 34. Nh3 Qb7 35. e5 Nd7 36. Qb1 b5 37. axb5 cxb5 38. cxd5 Qxd5 39. Nf4 Qc6 40. d5 exd5 41. e6 Nc5 42. exf7+ Kxf7 43. Nxg6 Bxa1 44. Qf5+ Bf6 45. Ne5+ Kf8 46. Nxc6 Rxc6 47. Rxd5 Rdc8 48. Rxc5 Rxc5 49. Qxf6+ Kg8 50. Re7 1-0

[Event "5th EKA IIFL Investment 2019"]
[Site "Mumbai"]
[Date "2020.01.05"]
[Round "7.49"]
[White "Deshpande, Aniruddha"]
[Black "Priyanka, Kumari"]
[Result "0-1"]
[ECO "E62"]
[WhiteElo "2275"]
[BlackElo "1874"]
[Annotator "ChessBase"]
[PlyCount "92"]
[EventDate "2019.12.30"]
[EventType "swiss"]
[EventCountry "IND"]
[SourceTitle "playchess.com"]
[Source "ChessBase"]
[SourceQuality "1"]
[TimeControl "40/5400+30:1800+30"]

1. c4 Nf6 2. Nf3 g6 3. g3 Bg7 4. Bg2 d6 5. d4 O-O 6. O-O c6 7. Nc3 Bf5 8. Qb3 Qc7 9. Re1 Ne4 10. Nh4 Nxc3 11. bxc3 Be6 12. Rb1 b5 13. d5 cxd5 14. Qxb5 Nd7 15. cxd5 Rab8 16. Qd3 Nc5 17. Qc2 Rxb1 18. Qxb1 Bd7 19. Be3 Rb8 20. Qc2 Na4 21. Nf3 Rb2 22. Qc1 Rxa2 23. Nd4 Nxc3 24. Kh1 Ba4 25. Nc6 Bxc6 26. dxc6 d5 27. Bc5 e6 28. Qf4 Qxf4 29. gxf4 Ra6 30. c7 Rc6 31. Bxa7 Rxc7 32. Bb6 Rb7 33. Ba5 Rb2 34. Bf3 d4 35. Bxc3 dxc3 36. Be4 Bh6 37. Kg2 Bxf4 38. e3 Be5 39. Rb1 Rd2 40. Rb5 Bd6 41. Rb6 Bc5 42. Rc6 Bxe3 43. Rxc3 Bxf2 44. Rc2 Rxc2 45. Bxc2 Bd4 46. Bb3 Kg7 0-1

[Event "5th EKA IIFL Investment 2019"]
[Site "Mumbai"]
[Date "2020.01.05"]
[Round "7.50"]
[White "Manish Kumar"]
[Black "Aaryan Varshney"]
[Result "1/2-1/2"]
[ECO "B23"]
[WhiteElo "2168"]
[BlackElo "2287"]
[Annotator "NA"]
[PlyCount "28"]
[EventDate "2019.12.30"]
[EventType "swiss"]
[EventCountry "IND"]
[SourceTitle "playchess.com"]
[Source "ChessBase"]
[SourceQuality "1"]
[TimeControl "40/5400+30:1800+30"]

1. e4 c5 2. Nc3 Nc6 3. f4 g6 4. Nf3 Bg7 5. Bc4 d6 6. O-O Nf6 7. d3 O-O 8. d4 Nxd4 9. Nxd4 cxd4 10. Nd5 Nxd5 11. Bxd5 e6 12. Bb3 a5 13. a4 Bd7 14. Bd2 Kh8 1/2-1/2

[Event "5th EKA IIFL Investment 2019"]
[Site "Mumbai"]
[Date "2020.01.05"]
[Round "7.51"]
[White "Pranav Vijay"]
[Black "Madjidov, Jasur"]
[Result "1/2-1/2"]
[ECO "B36"]
[WhiteElo "2265"]
[BlackElo "2053"]
[Annotator "NA"]
[PlyCount "112"]
[EventDate "2019.12.30"]
[EventType "swiss"]
[EventCountry "IND"]
[SourceTitle "playchess.com"]
[Source "ChessBase"]
[SourceQuality "1"]
[TimeControl "40/5400+30:1800+30"]

1. e4 c5 2. Nf3 Nc6 3. d4 cxd4 4. Nxd4 g6 5. c4 Nf6 6. Nc3 d6 7. Be2 Nxd4 8. Qxd4 Bg7 9. Be3 O-O 10. Qd2 Be6 11. O-O Qa5 12. Rfc1 Rfc8 13. b3 Ng4 14. Bg5 b5 15. h3 b4 16. Nd5 Bxd5 17. Bxg4 Be6 18. Be2 Bd5 19. Bg4 Be6 20. Be2 Bd5 21. Bg4 Bxe4 22. Bxc8 Rxc8 23. Be3 Ra8 24. Bg5 Rc8 25. Be3 Bxa1 26. Rxa1 Bc6 27. Qd4 f6 28. Re1 Kf7 29. Ra1 Kg8 30. Re1 Kf7 31. Qd2 Kg8 32. Qd4 Kf7 33. Qd2 d5 34. cxd5 Qxd5 35. Qxd5+ Bxd5 36. Bxa7 Rc2 37. Ra1 e5 38. Bb6 Rc6 39. Ba5 Ra6 40. Bxb4 Bxb3 41. Bd2 Rxa2 42. Rxa2 Bxa2 43. f4 Ke6 44. fxe5 fxe5 45. Kf2 Kf5 46. Ke3 Ke6 47. Kf2 Kf5 48. Ke3 Bd5 49. Kf2 Bc4 50. g3 Ke4 51. h4 Kf5 52. Be3 Kg4 53. Ba7 Kf5 54. Be3 Kg4 55. Ba7 g5 56. hxg5 Kxg5 1/2-1/2

[Event "5th EKA IIFL Investment 2019"]
[Site "Mumbai"]
[Date "2020.01.05"]
[Round "7.52"]
[White "Jeet, Jain"]
[Black "Chilukuri Sai Varshith"]
[Result "1/2-1/2"]
[ECO "B33"]
[WhiteElo "2258"]
[BlackElo "2045"]
[Annotator "ChessBase"]
[PlyCount "105"]
[EventDate "2019.12.30"]
[EventType "swiss"]
[EventCountry "IND"]
[SourceTitle "playchess.com"]
[Source "ChessBase"]
[SourceQuality "1"]
[TimeControl "40/5400+30:1800+30"]

1. e4 c5 2. Nf3 Nc6 3. d4 cxd4 4. Nxd4 Nf6 5. Nc3 e5 6. Ndb5 d6 7. Bg5 a6 8. Na3 b5 9. Nd5 Be7 10. Bxf6 Bxf6 11. c4 b4 12. Nc2 O-O 13. h4 a5 14. g3 Be6 15. Bg2 a4 16. Nxf6+ Qxf6 17. b3 axb3 18. axb3 Rxa1 19. Qxa1 Qd8 20. Qa4 Qb6 21. O-O Rb8 22. Rd1 Qc5 23. Ra1 g6 24. Qa2 h5 25. Qb2 Rb7 26. Ra8+ Rb8 27. Ra4 Rb7 28. Ra1 Ra7 29. Rd1 Ra6 30. Rd2 Ra7 31. Kh2 f6 32. Bh3 Bf7 33. Qb1 Kf8 34. Kg2 Ke7 35. Qb2 Ra8 36. Rd1 Ra5 37. Kg1 Qa7 38. Qb1 Qc5 39. Bc8 Nd8 40. Bh3 Nc6 41. Qc1 Ra7 42. Qb2 Ra5 43. Qc1 Ra2 44. Qb1 Ra5 45. Rd3 Ra7 46. Rd1 Ra5 47. Bc8 Nd8 48. Bh3 Nc6 49. Qc1 Ra7 50. Qb2 Ra5 51. Qc1 Ra7 52. Qb2 Ra5 53. Qc1 1/2-1/2

[Event "5th EKA IIFL Investment 2019"]
[Site "Mumbai"]
[Date "2020.01.05"]
[Round "7.53"]
[White "Varun, Vij"]
[Black "Kumar, Gaurav"]
[Result "1-0"]
[ECO "A45"]
[WhiteElo "1964"]
[BlackElo "2120"]
[Annotator "NA"]
[PlyCount "73"]
[EventDate "2019.12.30"]
[EventType "swiss"]
[EventCountry "IND"]
[SourceTitle "playchess.com"]
[Source "ChessBase"]
[SourceQuality "1"]
[TimeControl "40/5400+30:1800+30"]

1. d4 Nf6 2. Bf4 e6 3. e3 c5 4. Nf3 d5 5. Nbd2 Nc6 6. c3 Bd6 7. Bg3 O-O 8. Bb5 Ne7 9. Bd3 b6 10. e4 c4 11. Bxd6 cxd3 12. e5 Ne8 13. Ba3 Nf6 14. Bd6 Ne8 15. Ba3 f6 16. O-O Rf7 17. Nb3 Ba6 18. Re1 Ng6 19. Nc1 Nf4 20. g3 fxe5 21. Rxe5 Ne2+ 22. Kg2 Qf6 23. Re3 Qg6 24. Nxe2 dxe2 25. Qa4 Bd3 26. Ne5 Be4+ 27. f3 Qg5 28. Rxe2 Rxf3 29. Nxf3 Bxf3+ 30. Kxf3 Qh5+ 31. Ke3 Nf6 32. Rf1 Qg5+ 33. Rf4 e5 34. dxe5 Ng4+ 35. Kd2 Nxe5 36. h4 Nf3+ 37. Kd1 1-0